Map: Alcyone LE

Players

LiquidClem (Clem)

  • Race: Terran Terran
  • League: Grandmaster
  • Spawn Location: 7:00

VITRyung (Ryung) - Winner!

  • Race: Terran Terran
  • Spawn Location: 1:00

Event: HomeStory Cup XXV

VOD

Have the link to the VOD?

Description

Time

  • Played on: June 21, 2024, 10:13 a.m.
  • Length: 22:24

All games in this series

Show
View Real Time Build Order
Export as new Build Order

LiquidClem Terran 

Build Orders: 1/1/1, Cyclone Opening 

Get SALT Encoding   

  12  0:00  SCV  
  13  0:12  SCV  
  14  0:16  Supply Depot  
  14  0:24  SCV  
  15  0:38  SCV  
  15  0:40  Barracks  
  16  0:43  Refinery  
  16  0:50  SCV  
  16  0:52  Refinery  
  17  1:02  SCV  
  18  1:14  SCV  
  19  1:26  Orbital Command, Reaper  
  19  1:31  Supply Depot  
  20  1:41  Factory  
  20  1:52  SCV  
  21  1:59  Reaper  
  22  2:04  SCV  
  23  2:16  Command Center  
  23  2:18  SCV  
  24  2:24  Hellion  
  24  2:29  Starport  
  26  2:32  SCV  
  27  2:38  Supply Depot  
  27  2:40  Barracks Reactor  
  27  2:44  SCV  
  28  2:52  Cyclone  
  28  2:57  SCV  
  31  3:06  Medivac  
  31  3:09  SCV  
  34  3:15  Refinery  
  34  3:17  Marine  
  34  3:18  Marine  
  36  3:23  SCV  
  36  3:24  Cyclone  
  39  3:29  Orbital Command  
  39  3:35  Marine x2  
  39  3:38  Starport Tech Lab  
  41  3:42  SCV  
  41  3:45  Supply Depot  
  42  3:53  Marine x2  
  42  3:54  SCV x2  
  46  3:57  Factory Tech Lab  
  46  4:01  Raven  
  48  4:06  SCV  
  48  4:07  SCV  
  50  4:11  Marine  
  50  4:17  Interference Matrix  
  47  4:18  SCV  
  47  4:19  SCV  
  47  4:20  Siege Tank  
  52  4:26  Marine  
  52  4:27  Supply Depot  
  52  4:30  SCV  
  54  4:32  SCV, Marine  
  54  4:38  Raven  
  58  4:42  SCV  
  58  4:44  SCV  
  60  4:49  Command Center  
  60  4:53  Supply Depot  
  60  4:55  SCV  
  60  4:58  Siege Tank  
  60  4:59  SCV  
  65  5:01  Marine  
  65  5:03  Marine  
  68  5:07  SCV  
  68  5:11  SCV  
  69  5:19  SCV, Refinery  
  72  5:21  Supply Depot  
  72  5:23  SCV  
  72  5:25  Barracks  
  72  5:27  Barracks  
  71  5:30  Starport Reactor  
  71  5:31  SCV  
  71  5:35  SCV, Marine  
  72  5:37  Siege Tank, Stimpack  
  77  5:43  SCV  
  77  5:46  Supply Depot  
  77  5:48  SCV  
  79  5:53  Engineering Bay x2  
  79  5:54  Marine  
  79  5:55  SCV  
  81  6:00  Orbital Command, SCV  
  81  6:04  Barracks  
  82  6:07  SCV  
  83  6:12  Barracks  
  83  6:13  Starport Reactor  
  83  6:14  SCV  
  83  6:17  Siege Tank  
  87  6:23  Orbital Command, Terran Infantry Weapons Level 1, Terran Infantry Armor Level 1  
  87  6:24  Marine x2  
  87  6:29  Supply Depot, SCV x2  
  87  6:32  Marine  
  88  6:36  Marine x2  
  90  6:41  Supply Depot, SCV x2, Marine  
  90  6:46  Marine  
  94  6:48  SCV  
  94  6:51  Medivac x2  
  94  6:52  Barracks Reactor  
  94  6:53  SCV  
  100  6:54  Siege Tank  
  100  6:57  SCV, Marine x2  
  100  7:00  SCV  
  106  7:05  SCV, Marine  
  106  7:06  Supply Depot  
  106  7:08  Marine  
  109  7:09  SCV  
  109  7:12  SCV  
  109  7:13  Barracks Reactor  
  109  7:14  Marine  
  109  7:15  Marine x2  
  112  7:16  Combat Shield  
  112  7:17  SCV  
  114  7:23  Marine, Refinery x2, Sensor Tower  
  114  7:25  Marine  
  114  7:27  Supply Depot, Medivac  
  114  7:29  SCV  
  118  7:30  Marine x2  
  118  7:32  Marine  
  118  7:33  Marine x2  
  123  7:40  Armory  
  123  7:41  SCV  
  123  7:42  SCV, Missile Turret  
  125  7:46  Siege Tank, Missile Turret  
  125  7:48  Medivac  
  130  7:53  Supply Depot  
  130  7:55  Factory  
  130  7:57  Marine  
  131  7:58  Marine  
  131  8:00  Marine  
  131  8:01  Marine  
  131  8:04  Supply Depot, SCV x2  
  131  8:05  Supply Depot, SCV  
  137  8:11  Medivac  
  139  8:13  Marine  
  139  8:16  SCV  
  139  8:17  Marine x3  
  139  8:18  Supply Depot, Marine x3  
  147  8:25  Siege Tank  
  150  8:27  Supply Depot  
  150  8:33  Command Center  
  150  8:37  Marine x2  
  150  8:41  Marine x6  
  153  8:44  Barracks Reactor  
  153  8:46  Siege Tank  
  153  8:47  Terran Infantry Weapons Level 2  
  161  8:50  Terran Infantry Armor Level 2  
  161  8:52  Terran Vehicle Weapons Level 1  
  161  8:55  Marine  
  161  8:56  Marine  
  161  8:59  Siege Tank  
  161  9:01  Marine  
  161  9:02  Marine  
  168  9:06  Marine, Missile Turret  
  168  9:09  Viking x2  
  172  9:11  Supply Depot, Marine  
  172  9:12  Marine x2  
  172  9:16  Supply Depot  
  175  9:18  Marine  
  175  9:22  Siege Tank  
  179  9:24  Marine x2  
  181  9:32  Siege Tank, Marine x5  
  181  9:35  Supply Depot x2  
  188  9:41  Marine  
  188  9:43  SCV  
  188  9:45  Marine x2  
  190  9:46  SCV  
  190  9:47  Marine, Sensor Tower  
  194  9:54  Siege Tank, Marine x2  
  194  9:59  Marine  
  200  10:02  Viking  
  199  10:07  Command Center  
  199  10:11  Refinery x2  
  199  10:19  Command Center  
  198  10:24  Planetary Fortress  
  198  10:25  Marine  
  198  10:28  Siege Tank  
  200  10:34  Starport  
  200  10:36  Starport  
  199  10:50  Missile Turret, Command Center  
  199  10:52  Terran Vehicle Weapons Level 2  
  199  10:54  Starport, Marine  
  199  10:55  Marine x2, Armory  
  200  11:00  Marine  
  198  11:10  Siege Tank, Marine x4  
  185  11:15  Siege Tank  
  185  11:16  Marine, Viking  
  188  11:20  Viking  
  188  11:22  Marine x3  
  188  11:23  Marine x2  
  190  11:28  Marine x2  
  190  11:29  SCV  
  190  11:30  SCV  
  190  11:31  SCV  
  190  11:37  Marine x2  
  181  11:42  Hellion  
  181  11:45  Viking  
  155  11:47  Siege Tank  
  155  11:48  Marine x8  
  155  11:52  Orbital Command  
  158  11:55  Viking  
  158  11:57  SCV x2  
  161  12:03  Orbital Command, SCV  
  161  12:04  Siege Tank, SCV  
  161  12:05  SCV  
  165  12:11  Orbital Command  
  165  12:12  SCV  
  166  12:15  SCV  
  166  12:19  Siege Tank, Liberator  
  166  12:20  Liberator  
  166  12:21  Viking  
  176  12:25  Terran Infantry Weapons Level 3  
  176  12:34  Liberator  
  176  12:35  Marine  
  176  12:36  Siege Tank, Marine x2  
  185  12:37  Marine  
  185  12:42  Marine  
  187  12:47  Viking  
  187  12:48  Marine  
  193  12:51  Siege Tank  
  193  12:55  Command Center  
  193  12:57  Viking  
  190  13:05  Viking x2  
  190  13:08  Siege Tank, Marine x2  
  190  13:10  Marine x3  
  188  13:13  Marine  
  188  13:14  Marine  
  188  13:15  Marine  
  188  13:17  Marine x2, Viking  
  188  13:19  Viking  
  180  13:24  Refinery  
  174  13:28  Viking  
  174  13:29  Marine x2  
  174  13:30  Sensor Tower  
  174  13:32  Marine  
  179  13:38  Command Center  
  171  13:42  Siege Tank, Marine x2  
  171  13:43  Viking  
  171  13:46  Siege Tank  
  159  13:49  Marine x2  
  159  13:50  Marine  
  159  13:55  Viking  
  159  13:58  Marine x3  
  159  14:00  Marine x2  
  166  14:07  Marine  
  166  14:09  Liberator, Marine x2  
  170  14:14  Siege Tank, Barracks Reactor  
  170  14:16  Medivac  
  173  14:19  Siege Tank, Marine x3  
  173  14:20  Marine  
  173  14:21  Marine  
  181  14:25  Marine  
  182  14:32  Marine  
  183  14:40  Marine  
  183  14:41  Marine  
  182  14:46  Siege Tank, Marine x5  
  182  14:49  Marine  
  182  14:51  Siege Tank  
  191  14:54  Marine  
  191  14:56  Marine  
  191  14:59  Marine  
  189  15:03  Marine  
  189  15:04  Marine  
  182  15:09  Marine x2  
  182  15:12  Marine x2  
  182  15:13  Marine x2  
  167  15:14  SCV, Marine  
  167  15:17  Marine  
  167  15:18  Siege Tank  
  167  15:21  Marine  
  172  15:22  SCV, Marine  
  172  15:23  Siege Tank  
  172  15:24  SCV  
  172  15:26  Liberator  
  181  15:29  SCV  
  181  15:32  Liberator  
  174  15:40  Liberator  
  174  15:45  Marine  
  174  15:49  SCV  
  166  15:50  Siege Tank  
  166  15:51  SCV  
  166  15:55  Siege Tank, SCV  
  173  16:00  Marine  
  171  16:05  Marine  
  168  16:15  Liberator  
  168  16:16  Marine x4  
  168  16:17  Marine  
  176  16:22  Siege Tank  
  176  16:25  Marine x5  
  177  16:26  Sensor Tower  
  177  16:27  Siege Tank  
  184  16:34  Marine x2  
  184  16:35  Marine  
  184  16:36  Marine x2  
  188  16:43  Marine  
  188  16:46  Planetary Fortress  
  189  16:48  Refinery x2  
  189  16:49  Marine  
  189  16:50  Marine  
  189  16:52  Marine x2  
  189  16:54  Siege Tank, Marine x4  
  193  16:58  Marine  
  193  16:59  Siege Tank  
  199  17:11  Supply Depot  
  199  17:12  Supply Depot  
  199  17:15  Supply Depot  
  192  17:16  Supply Depot  
  192  17:17  Supply Depot  
  176  17:26  Marine x2  
  176  17:27  Marine x3  
  176  17:28  Viking  
  161  17:32  Marine  
  161  17:33  Marine x4  
  161  17:36  Terran Infantry Armor Level 3  
  144  17:44  Marine x2  
  144  17:47  Marine  
  144  17:48  Orbital Command  
  144  17:49  Marine  
  144  17:50  Marine  
  118  17:51  Marine  
  118  17:54  Siege Tank  
  119  17:59  SCV x2  
  119  18:02  Marine x2  
  119  18:03  Marine x4  
  127  18:06  SCV  
  128  18:17  SCV  
  128  18:18  Siege Tank  
  132  18:26  Siege Tank  
  135  18:33  Refinery x2  
  132  18:43  Marine  
  132  18:44  Marine  
  132  18:47  Marine  
  130  18:50  Siege Tank, Marine x2  
  121  18:58  Marine x2  
  121  19:03  SCV  
  121  19:04  SCV x2  
  124  19:12  Siege Tank  
  127  19:22  Marine  
  127  19:23  Siege Tank, SCV  
  132  19:31  Sensor Tower  
  132  19:32  Sensor Tower  
  132  19:36  Marine  
  132  19:37  Marine  
  134  19:44  Marine x2  
  134  19:45  Marine  
  136  19:48  Unknown  
  136  19:53  Missile Turret  
  136  19:55  Siege Tank  
  136  19:56  Marine x4  
  136  19:58  Marine  
  137  20:10  Siege Tank, Marine  
  137  20:14  Marine x4  
  120  20:15  Marine  
  117  20:21  Marine  
  118  20:32  Siege Tank  
  121  20:38  Marine x2  
  123  20:43  Marine x2  
  125  20:50  Marine  
  121  20:58  Marine x2  
  114  21:22  Siege Tank  
  114  21:25  Marine x2  
  87  21:32  Marine  
  87  21:36  Orbital Command  
  88  21:41  Marine  
  89  21:47  Marine  
Show
View Real Time Build Order
Export as new Build Order

VITRyung Terran - Winner!

Build Orders: Gas First Reaper Expand, Hellion Opening 

Get SALT Encoding   

  12  0:00  SCV  
  13  0:12  SCV  
  14  0:16  Supply Depot  
  14  0:24  SCV  
  14  0:27  Refinery  
  15  0:38  SCV  
  16  0:43  Barracks  
  16  0:50  SCV  
  17  1:02  SCV  
  18  1:14  SCV  
  19  1:30  Orbital Command, Reaper  
  20  1:44  Command Center  
  20  1:52  Factory  
  20  1:56  SCV  
  20  2:00  Refinery  
  21  2:05  Barracks Reactor  
  22  2:08  SCV  
  22  2:12  Supply Depot  
  22  2:20  SCV  
  23  2:33  SCV  
  24  2:37  Starport  
  24  2:45  SCV  
  24  2:46  Hellion x2  
  29  2:52  Barracks Tech Lab  
  29  2:55  Orbital Command  
  29  2:58  SCV  
  30  3:07  Hellion  
  30  3:09  Hellion  
  34  3:14  Orbital Command  
  34  3:15  SCV  
  34  3:19  Raven  
  37  3:27  SCV  
  37  3:29  Hellion  
  37  3:30  Hellion  
  42  3:34  Supply Depot  
  42  3:35  Barracks Tech Lab  
  42  3:42  SCV, Refinery  
  42  3:43  SCV  
  44  3:53  Raven  
  46  3:56  SCV x2  
  46  4:02  Supply Depot, Siege Tank  
  51  4:07  Marine x2  
  53  4:16  SCV x2  
  53  4:18  Interference Matrix  
  53  4:24  Marine  
  53  4:25  Marine  
  54  4:31  SCV x2  
  54  4:35  Siege Tank  
  59  4:43  SCV  
  59  4:44  SCV  
  61  4:48  Raven  
  61  4:53  Supply Depot  
  61  5:01  SCV  
  61  5:02  Command Center  
  62  5:14  SCV  
  62  5:15  Siege Tank  
  62  5:16  SCV  
  65  5:22  Supply Depot  
  65  5:26  SCV  
  67  5:28  SCV  
  67  5:32  Supply Depot  
  67  5:33  Viking  
  69  5:38  SCV  
  69  5:39  Stimpack  
  70  5:43  Marine, Viking  
  70  5:44  Supply Depot, Refinery  
  70  5:45  SCV  
  74  5:50  SCV  
  75  5:57  Barracks x2  
  75  5:58  SCV  
  75  6:02  SCV  
  75  6:03  Supply Depot  
  75  6:04  Viking  
  80  6:11  SCV  
  80  6:13  Viking  
  80  6:15  SCV  
  82  6:26  Marine  
  82  6:29  Engineering Bay  
  82  6:30  Orbital Command  
  82  6:31  SCV x2, Engineering Bay  
  85  6:33  Siege Tank  
  88  6:42  Viking  
  88  6:43  SCV x2, Marine, Viking  
  88  6:46  Barracks Reactor x2  
  95  6:55  SCV  
  95  6:56  SCV  
  95  6:57  Orbital Command, Terran Infantry Weapons Level 1, Terran Infantry Armor Level 1  
  97  7:05  Siege Tank  
  97  7:08  SCV x2  
  102  7:11  Supply Depot  
  102  7:12  Supply Depot  
  102  7:16  Marine  
  102  7:19  Viking  
  102  7:20  SCV x2, Viking  
  109  7:27  SCV  
  110  7:31  Combat Shield  
  110  7:32  SCV x2  
  110  7:35  Supply Depot  
  110  7:36  Supply Depot  
  110  7:37  Marine x3  
  110  7:38  Marine  
  110  7:39  Marine  
  115  7:48  Refinery x2  
  115  7:50  Sensor Tower  
  115  7:51  SCV  
  115  7:52  SCV x2  
  115  7:56  Medivac  
  120  8:00  Marine x4  
  120  8:01  Marine  
  120  8:04  Armory  
  125  8:06  Medivac  
  125  8:10  SCV  
  125  8:11  SCV x2  
  130  8:17  Supply Depot  
  130  8:18  Supply Depot, Barracks  
  130  8:20  Barracks  
  130  8:21  Marine x2  
  130  8:22  Marine x3  
  130  8:26  SCV x3  
  138  8:28  Siege Tank  
  138  8:30  Medivac  
  143  8:36  Medivac  
  145  8:41  Supply Depot  
  145  8:42  Supply Depot  
  145  8:47  SCV x3  
  145  8:48  Command Center  
  148  8:54  Terran Infantry Armor Level 2, Terran Infantry Weapons Level 2  
  148  8:55  Marine x4  
  148  8:58  Marine  
  153  9:04  Terran Vehicle Weapons Level 1  
  153  9:08  Barracks Reactor  
  154  9:13  Marine x4  
  154  9:16  Siege Tank  
  162  9:20  Barracks Reactor  
  162  9:23  Missile Turret  
  161  9:24  Missile Turret, Medivac x2  
  161  9:31  Marine x4  
  165  9:36  Factory  
  166  9:38  Barracks  
  166  9:40  Barracks  
  166  9:42  Barracks  
  166  9:43  Barracks Reactor  
  166  9:48  Marine x2  
  166  9:49  Marine x4  
  166  9:52  Supply Depot, Siege Tank  
  175  9:53  Supply Depot  
  175  10:01  Marine x2  
  175  10:06  Marine x4  
  175  10:07  Marine x2  
  183  10:14  SCV x2  
  183  10:18  Marine x2  
  183  10:20  Marine x2  
  187  10:23  Marine x2  
  187  10:24  Marine x3  
  187  10:25  Marine  
  187  10:26  Marine  
  187  10:28  Sensor Tower  
  194  10:29  Planetary Fortress  
  194  10:30  Barracks Reactor x2  
  194  10:39  Command Center  
  190  10:54  Marine  
  190  10:55  Marine x3  
  194  11:00  Marine x2  
  194  11:04  Marine x3  
  194  11:05  Marine  
  194  11:08  Marine  
  194  11:09  Marine x2  
  184  11:11  Siege Tank x2  
  184  11:12  Marine x3  
  184  11:18  Marine x2  
  184  11:21  Marine  
  184  11:22  Marine  
  184  11:23  Marine  
  173  11:26  Marine  
  173  11:27  Marine x2  
  173  11:30  Marine x3  
  177  11:36  Marine x2  
  177  11:39  Marine x2, Medivac  
  178  11:41  Marine  
  178  11:43  Siege Tank  
  178  11:44  Marine x3  
  174  11:48  Marine x3  
  174  11:53  Terran Infantry Weapons Level 3  
  174  11:54  Marine x2  
  166  11:57  Marine x2, Medivac  
  166  11:59  Marine  
  172  12:02  Terran Infantry Armor Level 3, Marine x3  
  172  12:05  SCV x2  
  172  12:06  SCV, Marine x3  
  181  12:11  Marine  
  181  12:12  Marine, Factory Tech Lab  
  181  12:15  Siege Tank, Marine x2  
  183  12:17  Marine  
  183  12:19  Marine  
  183  12:20  Marine x2  
  186  12:23  Marine  
  186  12:24  Marine x2  
  186  12:29  Marine x2  
  190  12:33  Marine  
  190  12:34  Siege Tank  
  190  12:35  Marine x2  
  197  12:37  Marine  
  197  12:40  Marine  
  197  12:43  Marine  
  200  12:47  Siege Tank  
  200  12:48  Planetary Fortress  
  187  13:06  Siege Tank  
  187  13:08  Marine  
  187  13:09  Marine x3  
  187  13:11  Marine x4  
  178  13:14  Orbital Command, Marine x2  
  178  13:15  Marine  
  178  13:19  SCV  
  168  13:20  SCV, Siege Tank  
  168  13:22  Medivac x2  
  168  13:26  Marine x3  
  168  13:27  Marine  
  175  13:28  Marine x2  
  175  13:29  Marine x2  
  175  13:31  SCV  
  175  13:32  Marine x3  
  175  13:33  SCV x2  
  186  13:38  Siege Tank  
  180  13:44  Marine x4  
  180  13:46  Marine x4  
  144  13:52  Siege Tank  
  130  13:55  Medivac x2  
  130  13:57  SCV x4  
  130  14:02  Marine x4  
  142  14:04  Marine x4  
  142  14:05  Marine, Barracks Reactor x2  
  144  14:10  Siege Tank  
  144  14:14  SCV x3  
  150  14:20  Marine x4  
  150  14:22  Marine x4  
  150  14:23  Marine, Missile Turret  
  159  14:29  Siege Tank  
  162  14:38  Marine x4  
  164  14:40  Marine x4  
  164  14:41  Marine  
  164  14:42  Marine x2  
  164  14:43  Marine x2  
  160  14:55  Marine x3  
  160  14:56  Marine  
  160  14:58  Marine x5  
  160  15:00  Marine x2  
  160  15:01  Marine x2  
  162  15:11  Siege Tank x2  
  162  15:12  Medivac x2  
  162  15:13  Marine x4  
  170  15:15  Marine x4  
  170  15:16  Marine  
  170  15:18  Marine x3  
  170  15:19  Marine  
  167  15:31  Marine x4  
  167  15:33  Marine x4  
  167  15:34  Marine  
  161  15:36  Marine x3  
  161  15:37  Marine  
  161  15:42  Medivac x2  
  158  15:49  Marine x4  
  159  15:51  Marine x4  
  159  15:52  Marine  
  159  15:53  Marine x2  
  159  15:54  Marine  
  159  15:55  Marine  
  160  16:04  Siege Tank  
  160  16:07  Marine x4  
  160  16:09  Marine x4  
  160  16:10  Siege Tank, Marine  
  175  16:11  Marine x2  
  175  16:12  Marine  
  175  16:13  Marine  
  176  16:24  Marine x2  
  176  16:25  Marine x2  
  180  16:27  Marine x4  
  180  16:28  Marine  
  180  16:29  Marine x2  
  180  16:30  Marine  
  180  16:31  Marine  
  186  16:42  Marine x4  
  186  16:46  Supply Depot x3  
  187  17:07  Siege Tank, Marine x12  
  195  17:11  Siege Tank  
  197  17:15  Marine  
  176  17:25  Marine x11  
  176  17:27  Marine  
  176  17:33  Marine  
  166  17:40  Siege Tank  
  166  17:43  Siege Tank, Marine x8  
  173  17:47  Marine  
  173  17:48  Marine  
  173  17:49  Marine  
  147  17:52  Marine x2  
  147  17:55  Orbital Command  
  149  17:59  Orbital Command  
  149  18:01  Marine x8  
  149  18:05  Marine  
  158  18:06  Marine x2  
  158  18:09  Marine  
  158  18:10  Marine  
  162  18:18  Marine x2  
  164  18:27  Marine x3  
  164  18:28  Marine  
  164  18:29  Marine x2  
  164  18:34  Marine x2  
  170  18:37  Marine x3  
  170  18:39  Marine  
  170  18:41  Marine  
  162  18:45  Marine x2  
  162  18:46  Marine  
  162  18:47  Marine  
  155  18:55  Marine x3  
  155  18:59  Marine  
  155  19:00  Marine  
  156  19:04  Marine x2  
  156  19:06  SCV  
  156  19:07  SCV  
  160  19:11  Marine  
  158  19:19  Viking  
  158  19:21  Viking  
  157  19:27  Marine x3  
  157  19:29  Marine  
  160  19:34  Marine x4  
  164  19:39  Marine  
  164  19:41  Marine x4  
  164  19:44  SCV, Marine  
  164  19:45  Marine  
  172  19:47  Unknown  
  172  19:52  SCV x2  
  173  19:56  SCV  
  174  20:01  Marine x2  
  176  20:11  Marine x2  
  176  20:14  Marine x2  
  170  20:16  Marine  
  170  20:17  Marine x4  
  177  20:21  Medivac x2  
  177  20:26  Marine x2  
  176  20:31  Marine  
  176  20:34  Command Center  
  177  20:41  Marine x2  
  177  20:42  Marine x3  
  180  20:44  Marine x3  
  180  20:47  Marine x2  
  180  20:48  Marine x2  
  180  20:49  Marine  
  184  20:57  Medivac  
  184  20:58  Marine  
  184  20:59  Marine  
  184  21:00  Marine  
  184  21:02  Marine  
  185  21:09  Marine x3  
  188  21:17  Marine  
  182  21:18  Marine  
  182  21:19  Marine x6  
  182  21:22  Marine x2  
  182  21:24  Siege Tank  
  152  21:27  Marine x3  
  146  21:35  Marine  
  146  21:36  Marine  
  146  21:37  Marine x2  
Tags
 
Add a new tag
Caveats
  • Supply blocks, unpowered buildings, or Contaminate may cause inaccurate times.
  • Supply counts are checked every 10 seconds.